 Dungeon Crawl Stone Soup version 0.27-a0-1529-g1e82c303ef (webtiles) character file.

Game seed: 3057781254626395553

79 night the Ducker (level 4, 0/21 HPs)
             Began as a Spriggan Venom Mage on July 12, 2021.
             Killed by nerve-wracking pain
             ... invoked by Jessica
              (14 damage)
             ... on level 2 of the Dungeon.
             The game lasted 00:04:23 (2210 turns).

night the Ducker (Spriggan Venom Mage)              Turns: 2210, Time: 00:04:23

Health: 0/21       AC:  2    Str:  4    XL:     4   Next: 17%
Magic:  6/10       EV: 18    Int: 17    God:
Gold:   45         SH:  0    Dex: 15    Spells: 9/10 levels left

rFire    . . .     SeeInvis +   i - +0 dagger (venom)
rCold    . . .     Faith    .   (shield restricted)
rNeg     . . .     Spirit   .   a - +0 robe
rPois    .         Reflect  .   (helmet restricted)
rElec    .         Harm     .   (no cloak)
rCorr    .         Rampage  .   (gloves unavailable)
Will     .....                  (boots unavailable)
Stlth    ++........             (no amulet)
HPRegen  0.07/turn              (no ring)
MPRegen  0.12/turn              (no ring)

@: very slightly contaminated, very quick
A: very small, no large weapons, unfitting armour, see invisible, speed 3
a: no special abilities


You were on level 2 of the Dungeon.
You visited 1 branch of the dungeon, and saw 2 of its levels.

You collected 45 gold pieces.

Inventory:

Hand Weapons
 b - a +0 dagger
 i - a +0 dagger of venom (weapon)
Missiles
 c - 30 poisoned darts
Armour
 a - a +0 robe (worn)
Scrolls
 d - 2 scrolls of blinking {unknown}
 e - a scroll of teleportation {unknown}
 f - a scroll of identify {unknown}
 k - a scroll of fog {unknown}
Potions
 g - a potion of berserk rage {unknown}
 h - a potion of haste {unknown}
 j - a potion of might {unknown}


   Skills:
 + Level 4.1 Dodging
 - Level 3.0 Stealth
 + Level 3.8 Spellcasting
 - Level 1.3 Transmutations
 + Level 3.8 Poison Magic


You had 9 spell levels left.
You knew the following spells:

 Your Spells              Type           Power      Damage    Failure   Level
a - Sting                 Tmut/Pois      48%        1d5       5%          1

Your spell library contained the following spells:

 Spells                   Type           Power      Damage    Failure   Level
 Poisonous Vapours        Pois/Air       18%        N/A       11%         2
 Mephitic Cloud           Conj/Pois/Air  7%         N/A       28%         3
 Olgreb's Toxic Radiance  Pois           16%        N/A       32%         4


Dungeon Overview and Level Annotations

Branches:
Dungeon (2/15)

Altars:

Annotations:
D:2 Jessica


Innate Abilities, Weirdness & Mutations

You are very small and have problems with some larger weapons.
You are too small for most types of armour.
You have supernaturally acute eyesight. (SInv)
You cover ground extremely quickly. (Speed+++)


Message History

Magic restored.
Casting: Sting (safe; 5% risk of failure)
Confirm with . or Enter, or press ? or * to list all spells.
Aiming: Sting (safe; 5% risk of failure)
Press: ? - help, Shift-Dir - straight line, f/p - Jessica
Aim: Jessica, wielding a +0 dagger and wearing a +0 robe (71% to hit)
The sting hits Jessica.
Jessica is poisoned.
Jessica is lightly wounded.
Jessica mumbles something strange.
Casting: Sting (safe; 5% risk of failure)
Confirm with . or Enter, or press ? or * to list all spells.
Aiming: Sting (safe; 5% risk of failure)
Press: ? - help, Shift-Dir - straight line, f/p - Jessica
Aim: Jessica, wielding a +0 dagger and wearing a +0 robe (lightly wounded, poisoned, 71% to hit)
The sting hits Jessica.
Jessica looks even sicker.
Jessica is severely wounded.
Jessica casts a spell.
Jessica seems to speed up.
Casting: Sting (safe; 5% risk of failure)
Confirm with . or Enter, or press ? or * to list all spells.
Aiming: Sting (safe; 5% risk of failure)
Press: ? - help, Shift-Dir - straight line, f/p - Jessica
Aim: Jessica, wielding a +0 dagger and wearing a +0 robe (severely wounded, fast, very poisoned, 71% to hit)
You miscast Sting.
You are very lightly contaminated with residual magic.
Nothing appears to happen.
Jessica points at you and mumbles some strange words.
Pain shoots through your body! Jessica casts a spell at you.
You struggle to resist.
Casting: Sting (safe; 5% risk of failure)
Confirm with . or Enter, or press ? or * to list all spells.
Aiming: Sting (safe; 5% risk of failure)
Press: ? - help, Shift-Dir - straight line, f/p - Jessica
Aim: Jessica, wielding a +0 dagger and wearing a +0 robe (severely wounded, fast, very poisoned, 71% to hit)
The sting misses Jessica.
Jessica points at you and mumbles some strange words.
Pain shoots through your body!
Ouch! That really hurt!
You die...

#..##.#.##
##....#.#
#.......#
#.####.##
####.####.#
.......##.###
####.#......##
...#....)....#####
##.#####........@#
##.# #.....###.#
...# ##...##
#@######## #..#
##### #......@.#
#..# #######
#..#####.# #..##
#.....# #..#
#...###.....# #...
###.........#
##... #####.....#
#....


You could see Jessica (fast, very poisoned).

Vanquished Creatures
  Robin (D:2)
  An adder (D:2)
  2 worms (D:2)
  A dart slug (D:1)
  3 ball pythons
  4 bats
  3 endoplasms (D:1)
  6 giant cockroaches
  11 goblins
  4 hobgoblins
  4 kobolds
  6 frilled lizards
  2 rats
48 creatures vanquished.

Notes
Turn   | Place    | Note
-------+----------+-------------------------------------------
     0 | D:1      | night the Spriggan Venom Mage began the quest for the Orb.
     0 | D:1      | Reached XP level 1. HP: 9/9 MP: 5/5
   157 | D:1      | Reached skill level 3 in Dodging
   231 | D:1      | Reached XP level 2. HP: 13/13 MP: 4/7
   442 | D:1      | HP: 1/13 [endoplasm (3)]
  1146 | D:2      | Identified the +3 helmet of Spite {Int+4 Dex+2}
  1146 | D:2      | Noticed Robin
  1156 | D:2      | Reached XP level 3. HP: 6/16 MP: 4/8
  1701 | D:2      | Killed Robin
  1779 | D:2      | Reached skill level 4 in Dodging
  1861 | D:2      | Reached XP level 4. HP: 21/21 MP: 8/10
  2193 | D:2      | Noticed Jessica
  2210 | D:2      | Killed from afar by Jessica

Illustrated notes

Levels and vault maps discovered:
D:1:      grunt_arrival_lava_bath, layout_basic, hangedman_feature_mirror
D:2:      layout_loops_cross, chequers_ecumenical_altar_lobes,
          minmay_worlds_worst_comb, uniq_jessica, uniq_robin

Skill      XL: |  1  2  3 |
---------------+----------+-----
Dodging        | 3 4 |  4.1
Spellcasting   | 3 |  3.8
Stealth        | |  3.0
Transmutations | |  1.3
Poison Magic   | |  3.8

Action                   |  1- 3 |  4- 6 || total
-------------------------+-------+-------++-------
Melee: Dagger            |     8 |    12 ||    20
 Cast: Sting             |    51 |    15 ||    66
 Stab: Sleeping          |     4 |       ||     4
       Distracted        |     1 |       ||     1
Armor: Robe              |     2 |     2 ||     4
Dodge: Dodged            |    11 |    10 ||    21

Table legend: (Time is in decaauts)
 A = Elapsed time spent in this place.
 B = Non-inter-level travel time spent in this place.
 C = Inter-level travel time spent in this place.
 D = Time resting spent in this place.
 E = Time spent auto-exploring this place.
 F = Levels seen in this place.
 G = Mean time per level.
                   A        B        C        D        E       F      G
               +--------+--------+--------+--------+--------+-----+--------+
         Total |   1757 |   1742 |     15 |    509 |    971 |   2 |  878.5 |
       Dungeon |   1757 |   1742 |     15 |    509 |    971 |   2 |  878.5 |
               +--------+--------+--------+--------+--------+-----+--------+

Top non-repeatable levels by time:
     D:1: 1049 daAuts
     D:2: 707 daAuts
